TOP OF THE 1ST |
Buckhead Bowties batting - Pitching for Houston 1837 BBC : RHP Maru Pao Pao
|
Pitching: RHP Maru Pao Pao
|
|
Batting: SHB Nuygen Vuong
|
0-0: SINGLE (Line Drive, 7LS, EV 92.5 MPH)
|
Batting: LHB Mike Gillespie
|
0-0: Ball 1-0: Ball Nuygen Vuong steals 2nd base 2-0: Ball Wild Pitch! Nuygen Vuong to third 3-0: Base on Balls
|
Batting: LHB Marcus Shill
|
0-0: Swinging Strike 0-1: Ball 1-1: Ball 2-1: Ball 3-1: Called Strike 3-2: 3-RUN HOME RUN (Flyball, 9D, EV 102.5 MPH), Distance : 364 ft
|
Batting: RHB Emílio Agramónte
|
0-0: Foul Ball, location: 2F 0-1: Ball 1-1: Ball 2-1: Called Strike 2-2: Foul Ball, location: 2F 2-2: Ground out 5-3 (Groundball, 56, EV 92.5 MPH)
|
Batting: RHB Barsati Saraf
|
0-0: Ball 1-0: Swinging Strike 1-1: Ball 2-1: Hit by Pitch
|
Batting: RHB Nick Bechtel
|
0-0: Ball 1-0: Ball 2-0: DOUBLE (Groundball, 5L, EV 98.1 MPH) Barsati Saraf to third
|
Batting: RHB Jeff Mouton
|
0-0: Called Strike 0-1: Ball 1-1: Fly out, F7 (Flyball, 7D, EV 93.1 MPH) Runner from 3rd tags up, SCORES, throw by LF
|
Batting: SHB Henrique de Senna Fernandes
|
0-0: Called Strike 0-1: Ball 1-1: Ball 2-1: Ball 3-1: Foul Ball, location: 2F 3-2: SINGLE (Groundball, 4MD, EV 93.8 MPH) Nick Bechtel to third Nick Bechtel scores
|
Batting: RHB Pellervo Rintanen
|
0-0: Called Strike 0-1: Ball 1-1: Foul Ball, location: 2F 1-2: Foul Ball, location: 2F 1-2: Ball 2-2: Ball 3-2: Ground out 6-3 (Groundball, 6, EV 87.5 MPH)
|
Top of the 1st over - 5 runs, 4 hits, 0 errors, 1 left on base; Buckhead 5 - Houston 0 |
BOTTOM OF THE 1ST |
Houston 1837 BBC batting - Pitching for Buckhead Bowties : LHP Jong-yong Ha
|
Pitching: LHP Jong-yong Ha
|
|
Batting: RHB Krystof Melichar
|
0-0: Swinging Strike 0-1: Ground out 5-3 (Groundball, 56S, EV 76.9 MPH)
|
Batting: LHB César Gómes
|
0-0: Foul Ball, location: 2F 0-1: Called Strike 0-2: Fly out, F9 (Flyball, 89M, EV 89.4 MPH)
|
Batting: RHB Min-gook Ch'oe
|
0-0: Foul Ball, location: 2F 0-1: Swinging Strike 0-2: Ball 1-2: Foul Ball, location: 2F 1-2: Fly out, F9 (Line Drive, 9D, EV 91.2 MPH)
|
Bottom of the 1st over - 0 runs, 0 hits, 0 errors, 0 left on base; Buckhead 5 - Houston 0 |
TOP OF THE 2ND |
Buckhead Bowties batting - Pitching for Houston 1837 BBC : RHP Maru Pao Pao
|
Batting: SHB Nuygen Vuong
|
0-0: Ball 1-0: Swinging Strike 1-1: Ball 2-1: Ball 3-1: Base on Balls
|
Batting: LHB Mike Gillespie
|
0-0: Called Strike 0-1: Ball 1-1: Fielders Choice at 2nd, 6-4 (Groundball, 56, EV 107.5 MPH)
|
Batting: LHB Marcus Shill
|
0-0: Foul Ball, location: 2F 0-1: Swinging Strike 0-2: Ball 1-2: Ball 2-2: Ball 3-2: Foul Ball, location: 2F 3-2: Foul Ball, location: 2F 3-2: 2-RUN HOME RUN (Flyball, 9LD, EV 98.1 MPH), Distance : 377 ft
|
Pitching: LHP Kenny James
|
|
Batting: RHB Emílio Agramónte
|
0-0: Foul Ball, location: 2F 0-1: Fly out, F8 (Flyball, 78S, EV 95.6 MPH)
|
Batting: RHB Barsati Saraf
|
0-0: Ball 1-0: Ball 2-0: Called Strike 2-1: Swinging Strike 2-2: Foul Ball, location: 2F 2-2: Ball 3-2: Ground out 6-3 (Groundball, 6, EV 101.9 MPH)
|
Top of the 2nd over - 2 runs, 1 hit, 0 errors, 0 left on base; Buckhead 7 - Houston 0 |
BOTTOM OF THE 2ND |
Houston 1837 BBC batting - Pitching for Buckhead Bowties : LHP Jong-yong Ha
|
Batting: RHB Joey Trifone
|
0-0: Ball 1-0: Fly out, F8 (Flyball, 8RM, EV 85.6 MPH)
|
Batting: SHB José Pinto
|
0-0: Fly out, F9 (Flyball, 9, EV 86.9 MPH)
|
Batting: RHB Phil Sherman
|
0-0: Ball 1-0: Ball 2-0: Ball 3-0: Base on Balls
|
Batting: RHB Adam Smith
|
0-0: Fly out, F7 (Flyball, 7S, EV 96.2 MPH)
|
Bottom of the 2nd over - 0 runs, 0 hits, 0 errors, 1 left on base; Buckhead 7 - Houston 0 |
TOP OF THE 3RD |
Buckhead Bowties batting - Pitching for Houston 1837 BBC : LHP Kenny James
|
Batting: RHB Nick Bechtel
|
0-0: Foul Ball, location: 2F 0-1: Swinging Strike 0-2: Fly out, F8 (Flyball, 8RM, EV 95.0 MPH)
|
Pitching: RHP José Ledezma
|
|
Batting: RHB Jeff Mouton
|
0-0: Called Strike 0-1: Ground out 6-3 (Groundball, 6, EV 91.9 MPH)
|
Batting: SHB Henrique de Senna Fernandes
|
0-0: SINGLE (Groundball, 6MD, EV 104.4 MPH)
|
Batting: RHB Pellervo Rintanen
|
0-0: Called Strike 0-1: Ball 1-1: Ball 2-1: Ball 3-1: SINGLE (Groundball, 6MD, EV 103.1 MPH) Henrique de Senna Fernandes to second
|
Batting: SHB Nuygen Vuong
|
0-0: Fly out, F7 (Flyball, 7S, EV 79.4 MPH)
|
Top of the 3rd over - 0 runs, 2 hits, 0 errors, 2 left on base; Buckhead 7 - Houston 0 |
BOTTOM OF THE 3RD |
Houston 1837 BBC batting - Pitching for Buckhead Bowties : LHP Jong-yong Ha
|
Batting: LHB Bill Dixon
|
0-0: Ball 1-0: Foul Ball, location: 2F 1-1: Ball 2-1: SINGLE (Groundball, 4MD, EV 98.8 MPH)
|
Batting: LHB Rafael Abasto
|
0-0: Ball 1-0: Ball 2-0: Called Strike 2-1: Called Strike 2-2: SINGLE (Flyball, 6MD, EV 88.1 MPH) Bill Dixon to second
|
Batting: RHB Krystof Melichar
|
0-0: Fly out, F5 (Popup, 25F, EV 85.0 MPH)
|
Batting: LHB César Gómes
|
0-0: Ball 1-0: Called Strike 1-1: Foul Ball, location: 2F 1-2: Fly out, F9 (Flyball, 9, EV 92.5 MPH)
|
Batting: RHB Min-gook Ch'oe
|
0-0: Foul Ball, location: 2F 0-1: Foul Ball, location: 2F 0-2: Ball 1-2: Strikes out swinging
|
Bottom of the 3rd over - 0 runs, 2 hits, 0 errors, 2 left on base; Buckhead 7 - Houston 0 |
TOP OF THE 4TH |
Buckhead Bowties batting - Pitching for Houston 1837 BBC : RHP José Ledezma
|
Batting: LHB Mike Gillespie
|
0-0: Called Strike 0-1: Ball 1-1: SINGLE (Line Drive, 34D, EV 95.0 MPH)
|
Pitching: RHP Omara Moctar
|
|
Batting: LHB Marcus Shill
|
0-0: Called Strike 0-1: Ball 1-1: Foul Ball, location: 2F 1-2: Ball 2-2: Ball 3-2: Foul Ball, location: 2F 3-2: Base on Balls Mike Gillespie to second
|
Batting: RHB Emílio Agramónte
|
0-0: Fly out, F3 (Popup, 3SF, EV 80.6 MPH)
|
Batting: RHB Barsati Saraf
|
0-0: Called Strike 0-1: Ball 1-1: Called Strike 1-2: Fielders Choice at 2nd, 6-4 (Groundball, 6D, EV 80.0 MPH) Mike Gillespie to third
|
Pitching: LHP Billy Brooks
|
|
Batting: RHB Nick Bechtel
|
0-0: Ball 1-0: Called Strike 1-1: Called Strike 1-2: Ball 2-2: SINGLE (Flyball, 8LS, EV 93.8 MPH) Mike Gillespie scores Barsati Saraf to second
|
Batting: RHB Jeff Mouton
|
Balk! Barsati Saraf to third Nick Bechtel to second 0-0: TRIPLE (Groundball, 3L, EV 105.6 MPH) Barsati Saraf scores Nick Bechtel scores
|
Batting: SHB Henrique de Senna Fernandes
|
0-0: Ball 1-0: Swinging Strike 1-1: Ground out 4-3 (Groundball, 4, EV 97.5 MPH)
|
Top of the 4th over - 3 runs, 3 hits, 0 errors, 1 left on base; Buckhead 10 - Houston 0 |
BOTTOM OF THE 4TH |
Houston 1837 BBC batting - Pitching for Buckhead Bowties : LHP Jong-yong Ha
|
Batting: RHB Joey Trifone
|
0-0: Called Strike 0-1: Ball 1-1: Foul Ball, location: 2F 1-2: Foul Ball, location: 2F 1-2: Foul Ball, location: 2F 1-2: Strikes out swinging
|
Batting: SHB José Pinto
|
0-0: Called Strike 0-1: Ball 1-1: Swinging Strike 1-2: Foul Ball, location: 2F 1-2: Ball 2-2: SINGLE (Line Drive, 89S, EV 106.9 MPH)
|
Batting: RHB Phil Sherman
|
0-0: Swinging Strike 0-1: Grounds into double play, 6-4-3 (Groundball, 6, EV 86.9 MPH)
|
Bottom of the 4th over - 0 runs, 1 hit, 0 errors, 0 left on base; Buckhead 10 - Houston 0 |
TOP OF THE 5TH |
Buckhead Bowties batting - Pitching for Houston 1837 BBC : LHP Billy Brooks
|
Batting: RHB Pellervo Rintanen
|
0-0: Called Strike 0-1: Ground out U3 (Groundball, 34S, EV 86.9 MPH)
|
Pinch Hitting: RHB César Guerra
|
0-0: Ball 1-0: Swinging Strike 1-1: Ball 2-1: Ball 3-1: Ground out 4-3 (Groundball, 4, EV 99.4 MPH)
|
Pinch Hitting: LHB Shunso Kiyomizu
|
0-0: Ball 1-0: Ground out 5-3 (Groundball, 5S, EV 90.6 MPH)
|
Top of the 5th over - 0 runs, 0 hits, 0 errors, 0 left on base; Buckhead 10 - Houston 0 |
BOTTOM OF THE 5TH |
Houston 1837 BBC batting - Pitching for Buckhead Bowties : LHP Jong-yong Ha
|
Pitching: RHP Roderick Miller
|
|
Now at 2B: César Guerra
|
|
Now in RF: Shunso Kiyomizu
|
|
Batting: RHB Adam Smith
|
0-0: Called Strike 0-1: Fly out, F6 (Popup, 4MD, EV 51.9 MPH)
|
Batting: LHB Bill Dixon
|
0-0: Ball 1-0: Called Strike 1-1: Ball 2-1: Ball 3-1: Base on Balls
|
Batting: LHB Rafael Abasto
|
0-0: Swinging Strike 0-1: Called Strike 0-2: Ball 1-2: Fly out, F9 (Flyball, 9D, EV 88.8 MPH)
|
Batting: RHB Krystof Melichar
|
0-0: Ball Bill Dixon steals 2nd base (no throw) 1-0: Swinging Strike 1-1: Ball 2-1: Ground out 6-3 (Groundball, 6M, EV 87.5 MPH)
|
Bottom of the 5th over - 0 runs, 0 hits, 0 errors, 1 left on base; Buckhead 10 - Houston 0 |
TOP OF THE 6TH |
Buckhead Bowties batting - Pitching for Houston 1837 BBC : LHP Billy Brooks
|
Pitching: RHP Javier Solís
|
|
Pinch Hitting: LHB Jim Halpert
|
0-0: Called Strike 0-1: Foul Ball, location: 2F 0-2: Ground out U3 (Groundball, 34, EV 86.2 MPH)
|
Pinch Hitting: LHB General Booty
|
0-0: Fly out, F8 (Flyball, 89D, EV 87.5 MPH)
|
Pinch Hitting: LHB Charles Godard
|
0-0: Ground out 1-3 (Groundball, 13, EV 82.5 MPH)
|
Top of the 6th over - 0 runs, 0 hits, 0 errors, 0 left on base; Buckhead 10 - Houston 0 |
BOTTOM OF THE 6TH |
Houston 1837 BBC batting - Pitching for Buckhead Bowties : RHP Roderick Miller
|
Now at 1B: Jim Halpert
|
|
Now in CF: Charles Godard
|
|
Now in RF: General Booty
|
|
Batting: LHB César Gómes
|
0-0: Called Strike 0-1: Ground out 1-3 (Groundball, 34S, EV 68.8 MPH)
|
Batting: RHB Min-gook Ch'oe
|
0-0: Ball 1-0: Ball 2-0: SINGLE (Line Drive, 7S, EV 106.2 MPH)
|
Batting: RHB Joey Trifone
|
0-0: Called Strike 0-1: Swinging Strike 0-2: Ball 1-2: Ball 2-2: Strikes out swinging
|
Batting: SHB José Pinto
|
0-0: Foul Ball, location: 2F 0-1: Ball 1-1: Ball 2-1: Ground out U3 (Groundball, 3, EV 83.8 MPH)
|
Bottom of the 6th over - 0 runs, 1 hit, 0 errors, 1 left on base; Buckhead 10 - Houston 0 |
TOP OF THE 7TH |
Buckhead Bowties batting - Pitching for Houston 1837 BBC : RHP Javier Solís
|
Batting: RHB Nick Bechtel
|
0-0: Called Strike 0-1: Ball 1-1: Ball 2-1: Foul Ball, location: 2F 2-2: Ball 3-2: SINGLE (Groundball, 34D, EV 102.5 MPH)
|
Batting: RHB Henry Lambright
|
0-0: Ball 1-0: Called Strike 1-1: Ball 2-1: Ball 3-1: Foul Ball, location: 2F 3-2: SINGLE (Line Drive, 7LS, EV 93.1 MPH) Nick Bechtel to second
|
Pitching: RHP Pierre Delecto
|
|
Batting: SHB Henrique de Senna Fernandes
|
0-0: Ball 1-0: Fly out, F8 (Line Drive, 8LD, EV 100.0 MPH)
|
Batting: RHB Pellervo Rintanen
|
0-0: Ball 1-0: Foul Ball, location: 2F 1-1: Foul Ball, location: 2F 1-2: Ball 2-2: Ball 3-2: Fly out, F8 (Flyball, 89M, EV 90.0 MPH)
|
Batting: RHB César Guerra
|
0-0: Ball 1-0: Foul Ball, location: 2F 1-1: SINGLE (Groundball, 6D, EV 96.9 MPH) Nick Bechtel to third Henry Lambright to second Runner from 3rd tries for Home, SAFE, throw by CF to home
|
Batting: LHB Shunso Kiyomizu
|
0-0: Called Strike 0-1: Ball 1-1: Ball 2-1: Ground out 4-3 (Groundball, 4S, EV 90.0 MPH)
|
Top of the 7th over - 1 run, 3 hits, 0 errors, 2 left on base; Buckhead 11 - Houston 0 |
BOTTOM OF THE 7TH |
Houston 1837 BBC batting - Pitching for Buckhead Bowties : RHP Roderick Miller
|
Batting: RHB Phil Sherman
|
0-0: Ball 1-0: Swinging Strike 1-1: Swinging Strike 1-2: Fly out, F7 (Flyball, 78S, EV 80.0 MPH)
|
Pinch Hitting: SHB Ron Carlisle
|
0-0: Called Strike 0-1: Foul Ball, location: 2F 0-2: Ground out U3 (Groundball, 3, EV 84.4 MPH)
|
Batting: LHB Bill Dixon
|
0-0: DOUBLE (Line Drive, 7LS, EV 95.6 MPH)
|
Pinch Hitting: RHB Bud Mullins
|
0-0: Fly out, F9 (Line Drive, 9, EV 93.1 MPH)
|
Bottom of the 7th over - 0 runs, 1 hit, 0 errors, 1 left on base; Buckhead 11 - Houston 0 |
TOP OF THE 8TH |
Buckhead Bowties batting - Pitching for Houston 1837 BBC : RHP Pierre Delecto
|
Pitching: RHP Maverick McNealy
|
|
Now at 1B: Jaime Martínez
|
|
Now in CF: Bud Mullins
|
|
Batting: LHB Jim Halpert
|
0-0: Foul Ball, location: 2F 0-1: Swinging Strike 0-2: Ball 1-2: Ground out 6-3 (Groundball, 6, EV 89.4 MPH)
|
Batting: LHB General Booty
|
0-0: Ball 1-0: Ground out 4-3 (Groundball, 4MS, EV 63.1 MPH)
|
Batting: LHB Charles Godard
|
0-0: SOLO HOME RUN (Line Drive, 9LD, EV 99.4 MPH), Distance : 337 ft
|
Batting: RHB Nick Bechtel
|
0-0: Ball 1-0: Ball 2-0: Ball 3-0: Called Strike 3-1: Foul Ball, location: 2F 3-2: DOUBLE (Flyball, 78D, EV 106.2 MPH)
|
Pitching: RHP Nicolas Roche
|
|
Batting: RHB Henry Lambright
|
0-0: Ball 1-0: Called Strike 1-1: Swinging Strike 1-2: Strikes out swinging
|
Top of the 8th over - 1 run, 2 hits, 0 errors, 1 left on base; Buckhead 12 - Houston 0 |
BOTTOM OF THE 8TH |
Houston 1837 BBC batting - Pitching for Buckhead Bowties : RHP Roderick Miller
|
Pinch Hitting: LHB Mike Houston
|
0-0: Called Strike 0-1: Ball 1-1: Fly out, F8 (Flyball, 8RS, EV 85.6 MPH)
|
Pitching: RHP Roy Bell
|
|
Pinch Hitting: LHB Connor Petty
|
0-0: Ball 1-0: Ball 2-0: Fly out, F7 (Line Drive, 7, EV 91.2 MPH)
|
Batting: LHB Javier Seco
|
0-0: Ball 1-0: Called Strike 1-1: Ball 2-1: Ball 3-1: Called Strike 3-2: Fly out, F9 (Flyball, 89M, EV 91.9 MPH)
|
Bottom of the 8th over - 0 runs, 0 hits, 0 errors, 0 left on base; Buckhead 12 - Houston 0 |
TOP OF THE 9TH |
Buckhead Bowties batting - Pitching for Houston 1837 BBC : RHP Nicolas Roche
|
Now at SS: Mike Houston
|
|
Now in RF: Connor Petty
|
|
Batting: SHB Henrique de Senna Fernandes
|
0-0: Ground out 4-3 (Groundball, 4, EV 83.8 MPH)
|
Batting: RHB Pellervo Rintanen
|
0-0: Swinging Strike 0-1: Foul Ball, location: 2F 0-2: Ball 1-2: Strikes out swinging
|
Batting: RHB César Guerra
|
0-0: Swinging Strike 0-1: Ball 1-1: Called Strike 1-2: Ground out 4-3 (Groundball, 4, EV 78.8 MPH)
|
Top of the 9th over - 0 runs, 0 hits, 0 errors, 0 left on base; Buckhead 12 - Houston 0 |
BOTTOM OF THE 9TH |
Houston 1837 BBC batting - Pitching for Buckhead Bowties : RHP Roy Bell
|
Batting: RHB Joey Trifone
|
0-0: Ball 1-0: Foul Ball, location: 2F 1-1: Ball 2-1: Ball 3-1: Called Strike 3-2: Strikes out swinging
|
Pinch Hitting: LHB Carlos Medellín
|
0-0: Ball 1-0: Ball 2-0: Called Strike 2-1: Foul Ball, location: 2F 2-2: Fly out, F9 (Flyball, 9D, EV 83.8 MPH)
|
Pinch Hitting: RHB Junior Young
|
0-0: Foul Ball, location: 2F 0-1: Ground out 4-3 (Groundball, 4, EV 88.1 MPH)
|
Bottom of the 9th over - 0 runs, 0 hits, 0 errors, 0 left on base; Buckhead 12 - Houston 0 |
|